 Dungeon Crawl Stone Soup version 0.21.1-1-g345015f (webtiles) character file.

70 shakethe the Grave Robber (level 4, 0/32 HPs)
             Began as a Gnoll Necromancer on Feb 24, 2018.
             Succumbed to an orc wizard's poison
             ... on level 1 of the Dungeon.
             The game lasted 00:05:33 (1722 turns).

shakethe the Grave Robber (Gnoll Necromancer)       Turns: 1722, Time: 00:05:33

Health: 0/32       AC:  2    Str: 10    XL:     4   Next: 22%
Magic:  3/11       EV: 15    Int: 18    God:
Gold:   107        SH:  0    Dex: 16    Spells: 6/13 levels left

rFire    . . .     SeeInvis .   f - -3 dagger (curse)
rCold    . . .     Gourm    .   (no shield)
rNeg     . . .     Faith    .   a - +0 robe
rPois    .         Spirit   .   (no helmet)
rElec    .         Reflect  .   (no cloak)
rCorr    .         Harm     .   (no gloves)
MR       .....                  (no boots)
Stlth    +++.......             (no amulet)
HPRegen  0.10/turn              k - ring of wizardry {Wiz+, !d}
MPRegen  0.12/turn              (no ring)

@: lethally poisoned (0 -> -26)
A: distributed training, fangs 1, strong nose
a: no special abilities


You were on level 1 of the Dungeon.
You were hungry.

You visited 1 branch of the dungeon, and saw 2 of its levels.

You collected 107 gold pieces.

Inventory:

Hand Weapons
 e - a +1 dagger
   (You took it off a kobold on level 1 of the Dungeon)
 f - a cursed -3 dagger (weapon)
   (You took it off a goblin on level 1 of the Dungeon)
Missiles
 i - 67 stones (quivered)
Armour
 a - a +0 robe (worn)
Jewellery
 k - a ring of wizardry (left hand) {Wiz+, !d}
   (You found it on level 1 of the Dungeon)
 l - an uncursed amulet of faith {Faith, !P}
   (You found it on level 1 of the Dungeon)
Scrolls
 o - 3 scrolls of identify
Potions
 d - a potion of ambrosia {unknown}
 g - a potion of curing {unknown}
 j - a potion of resistance {unknown}
 m - 2 potions of might {unknown}
 n - a potion of lignification {unknown}
Books
 b - a book of Necromancy
Comestibles
 c - 3 rations


   Skills:
 + Level 1.0 Fighting
 + Level 1.0 Short Blades
 + Level 1.0 Long Blades
 + Level 1.0 Axes
 + Level 1.0 Maces & Flails
 + Level 1.0 Polearms
 + Level 1.0 Staves
 + Level 1.0 Slings
 + Level 1.0 Bows
 + Level 1.0 Crossbows
 + Level 1.0 Throwing
 + Level 1.0 Armour
 + Level 4.6 Dodging
 + Level 4.2 Stealth
 + Level 1.0 Shields
 + Level 1.0 Unarmed Combat
 + Level 5.0 Spellcasting
 + Level 0.8 Conjurations
 + Level 0.8 Hexes
 + Level 0.8 Charms
 + Level 0.8 Summonings
 + Level 7.1 Necromancy
 + Level 0.8 Translocations
 + Level 0.8 Transmutations
 + Level 0.8 Fire Magic
 + Level 0.8 Ice Magic
 + Level 0.8 Air Magic
 + Level 0.8 Earth Magic
 + Level 0.8 Poison Magic
 + Level 1.1 Invocations
 + Level 1.0 Evocations


You had 6 spell levels left.
You knew the following spells:

 Your Spells              Type           Power        Failure   Level  Hunger
a - Pain                  Necr           ####         1%          1    None
r - Regeneration          Chrm/Necr      ###.......   3%          3    ##.....
x - Vampiric Draining     Necr           ####......   1%          3    ##.....


Dungeon Overview and Level Annotations

Branches:
Dungeon (2/15)

Altars:


Innate Abilities, Weirdness & Mutations

Your experience applies equally to all skills.
You have very sharp teeth.
Your uncanny sense of smell can sniff out nearby items.


Message History

The bat closely misses you. The bat hits you but does no damage.
The orc wizard casts a spell.
The orc wizard flickers and vanishes!
Deactivating autopickup; reactivate with Ctrl-A.
The ball python completely misses you. The ball python misses you.
The bat hits you.
You take 1 damage, and have 28/32 hp.
The bat misses you. The bat closely misses you. The bat closely misses you.
The bat completely misses you. The bat hits you but does no damage. x2
The bat closely misses you. The bat barely misses you. x2
The bat misses you. The bat hits you but does no damage.
The bat barely misses you.
MP restored: 11
Aim: a bat You kill the bat!
You feel life coursing into your body.
You now have 8/11 mp.
Aim: a ball python You feel life coursing into your body.
The ball python completely misses you. The ball python misses you.
The ball python closely misses you. The ball python grabs you.
The ball python constricts you.
You now have 5/11 mp.
Aim: a ball python (severely wounded, constricting you)
You kill the ball python!
You now have 2/11 mp.
There is an open door here.
Health restored: 32 A puff of flame appears from out of thin air!
The puff of flame misses you.
An orc wizard appears from thin air!
Reactivating autopickup.
The orc wizard gestures at you while chanting.
You are confused.
You see here a club.
You're too confused to move!
There is a stone staircase leading up here.
You see here a club.
There is a stone staircase leading up here.
You feel less confused.
The orc wizard hits you but does no damage.
You are poisoned.
You see here a club.
Aim: an orc wizard, wielding a dagger of venom and wearing a robe Nothing appears to happen.
You feel sick.
The orc wizard gestures wildly while chanting.
The orc wizard flickers and vanishes!
Deactivating autopickup; reactivate with Ctrl-A.
You take 1 damage, and have 31/32 hp.
You now have 2/11 mp.
You hit the orc but do no damage. Your bite misses the orc.
You feel sick. Something hits you but does no damage.
The orc barely misses you.
You take 1 damage, and have 30/32 hp.
You barely miss the orc. You bite the orc, but do no damage.
You feel sick. Something hits you.
You are more poisoned.
The orc hits you with a dagger.
You take 5 damage, and have 25/32 hp.
Aim: an orc, wielding a dagger and wearing a scale mail (chance to defeat MR: 93%)
The orc writhes in agony!
You feel sick. Something hits you but does no damage.
You are lethally poisoned!
The orc closely misses you.
You take 2 damage, and have 23/32 hp.
You hit the orc but do no damage. You bite the orc, but do no damage.
You feel sick. Something hits you.
You are more poisoned.
The orc closely misses you.
You take 4 damage, and have 19/32 hp.
You hit the orc.
You feel sick.
You take 2 damage, and have 17/32 hp.
Unknown command.
You closely miss the orc.
You feel very sick. Something hits you.
You are more poisoned.
The orc hits you with a dagger.
You take 4 damage, and have 13/32 hp.
You feel sick. The orc barely misses you.
There is a stone staircase leading up here.
You take 2 damage, and have 11/32 hp.
* * * LOW HITPOINT WARNING * * *
You feel very sick. Something barely misses you. The orc closely misses you.
You climb upwards.
* * * LOW HITPOINT WARNING * * *
You feel very sick.
There is a stone staircase leading down here.
You take 6 damage, and have 5/32 hp.
Okay, then.
You closely miss the orc.
* * * LOW HITPOINT WARNING * * *
You feel very sick. Something barely misses you. The orc closely misses you.
You take 3 damage, and have 2/32 hp.
You don't have enough magic to cast that spell.
You don't have enough magic to cast that spell.
You die...

....###..## #..#...##.#
....##..#### ##.##...##.#
....#......# #..........#
#####......# #..##...####
#.....)# ###..##...# # #......#
#.........# # #......#
#..#....#.#
#####......####..#....#.#
..............o>@.....#.#
#####......####..#..#.#.# #
#........####..#....#.#
###.......##†.......#.#.#######
#............#........#.#.....#
..#..........#......###.#)#.###
..#..........##.#.............#
..#..........##......##.#.#####
..###.###....##..#.÷........#


You could see an orc.

Vanquished Creatures
  2 adders (D:2)
  A worm (D:2)
  3 dart slugs
  A leopard gecko (D:2)
  An orc (D:2)
  7 goblins
  3 hobgoblins (D:1)
  4 jackals
  7 kobolds
  A quokka (D:2)
  A ball python (D:2)
  6 bats
  A frilled lizard (D:1)
  2 rats (D:1)
40 creatures vanquished.

Notes
Turn   | Place    | Note
-------+----------+-------------------------------------------
     0 | D:1      | shakethe the Gnoll Necromancer began the quest for the Orb.
     0 | D:1      | Reached XP level 1. HP: 13/13 MP: 6/6
   163 | D:1      | Reached XP level 2. HP: 14/19 MP: 4/7
   567 | D:1      | Reached XP level 3. HP: 21/25 MP: 6/9
   668 | D:1      | Reached skill level 5 in Spellcasting
  1004 | D:2      | Learned a level 3 spell: Regeneration
  1008 | D:2      | Learned a level 3 spell: Vampiric Draining
  1072 | D:2      | Reached skill level 1 in Invocations
  1197 | D:2      | Reached skill level 1 in Fighting
  1197 | D:2      | Reached skill level 1 in Short Blades
  1197 | D:2      | Reached skill level 1 in Long Blades
  1197 | D:2      | Reached skill level 1 in Axes
  1197 | D:2      | Reached skill level 1 in Maces & Flails
  1197 | D:2      | Reached skill level 1 in Polearms
  1197 | D:2      | Reached skill level 1 in Staves
  1197 | D:2      | Reached skill level 1 in Slings
  1197 | D:2      | Reached skill level 1 in Bows
  1197 | D:2      | Reached skill level 1 in Crossbows
  1197 | D:2      | Reached skill level 1 in Throwing
  1197 | D:2      | Reached skill level 1 in Armour
  1197 | D:2      | Reached skill level 1 in Shields
  1197 | D:2      | Reached skill level 1 in Unarmed Combat
  1197 | D:2      | Reached skill level 1 in Evocations
  1197 | D:2      | Reached XP level 4. HP: 28/32 MP: 0/11
  1384 | D:2      | HP: 8/32 [goblin/stone (6)]
  1719 | D:2      | HP: 8/32 [poisoned by an orc wizard]
  1721 | D:1      | HP: 2/32 [poisoned by an orc wizard]
  1722 | D:1      | Succumbed to an orc wizard's poison

Skill      XL: |  1  2  3 |
---------------+----------+-----
Spellcasting   | 5 |  5.0
Invocations    | 1 |  1.1
Fighting       | 1 |  1.0
Short Blades   | 1 |  1.0
Long Blades    | 1 |  1.0
Axes           | 1 |  1.0
Maces & Flails | 1 |  1.0
Polearms       | 1 |  1.0
Staves         | 1 |  1.0
Slings         | 1 |  1.0
Bows           | 1 |  1.0
Crossbows      | 1 |  1.0
Throwing       | 1 |  1.0
Armour         | 1 |  1.0
Shields        | 1 |  1.0
Unarmed Combat | 1 |  1.0
Evocations     | 1 |  1.0
Dodging        | |  4.6
Stealth        | |  4.2
Conjurations   | |  0.8
Hexes          | |  0.8
Charms         | |  0.8
Summonings     | |  0.8
Necromancy     | |  7.1
Translocations | |  0.8
Transmutations | |  0.8
Fire Magic     | |  0.8
Ice Magic      | |  0.8
Air Magic      | |  0.8
Earth Magic    | |  0.8
Poison Magic   | |  0.8

Action                   |  1- 3 |  4- 6 || total
-------------------------+-------+-------++-------
Melee: Dagger            |     8 |    24 ||    32
       Bite              |       |     3 ||     3
Throw: Stone             |     1 |     5 ||     6
 Cast: Pain              |    48 |    14 ||    62
       Vampiric Draining |     1 |     7 ||     8
       Regeneration      |     1 |       ||     1
  Use: Scroll            |     2 |     1 ||     3
  Eat: Chunk             |       |     2 ||     2
Armor: Robe              |     5 |     8 ||    13
Dodge: Dodged            |    20 |    39 ||    59

Vault maps used:
D:1:      ncdulo_wetmaze, dk_noncrumbling_2
D:2:      minmay_wonky_spiral, lemuel_crystal_altar, kiku_gazebo_pond_becter,
          nicolae_overflow_hidden_temple, first_ration, uniq_sigmund

Table legend:
 A = Turns spent in this place as a percentage of turns spent in the entire game.
 B = Non-inter-level travel turns spent in this place as a percentage of non-inter-level travel turns spent in the entire game.
 C = Inter-level travel turns spent in this place as a percentage of turns spent in this place.
 D = Turns resting spent in this place as a percentage of non-inter-level travel turns spent in this place.
 E = Turns spent auto-exploring this place as a percentage of non-inter-level travel turns spent in this place.
 F = Non-inter-level travel turns spent in this place divided by the number of levels of this place that you've seen.
                   A       B       C       D       E      F
               +-------+-------+-------+-------+-------+----------------------
         Total | 100.0 | 100.0 |   2.4 |  27.1 |  41.8 | 840.0
       Dungeon | 100.0 | 100.0 |   2.4 |  27.1 |  41.8 | 840.0
               +-------+-------+-------+-------+-------+----------------------

Table legend:
 A = Kills in this place as a percentage of kills in entire the game.
 B = Kills by you in this place as a percentage of kills by you in the entire game.
 C = Kills by friends in this place as a percentage of kills by friends in the entire game.
 D = Other kills in this place as a percentage of other kills in the entire game.
 E = Experience gained in this place as a percentage of experience gained in the entire game.
 F = Experience gained in this place divided by the number of levels of this place that you have seen.
                   A       B       C       D       E      F
               +-------+-------+-------+-------+-------+----------------------
         Total | 100.0 | 100.0 |   N/A |   N/A | 100.0 |  50.5
       Dungeon | 100.0 | 100.0 |   N/A |   N/A | 100.0 |  50.5
               +-------+-------+-------+-------+-------+----------------------
